 Dungeon Crawl Stone Soup version 0.29.1-1-gd02db6906a (webtiles) character file.

Game seed: 4725146188407226840

2316 Icepheonix32 the Summoner (level 9, -1/87 HPs)
             Began as a Merfolk Summoner on Oct 6, 2022.
             Was a Follower of Yredelemnul.
             Slain by a gnoll sergeant
             ... wielding a +0 glaive
              (2 damage)
             ... in a bailey.
             The game lasted 00:15:56 (7200 turns).

Icepheonix32 the Summoner (Merfolk Summoner)        Turns: 7200, Time: 00:15:57

Health: -1/87      AC: 24    Str: 15    XL:     9   Next: 41%
Magic:  6/13       EV:  2    Int: 18    God:    Yredelemnul [*.....]
Gold:   471        SH:  0    Dex: 14    Spells: 4/13 levels left

rFire   . . .      SeeInvis .   v - +1 spear (distort)
rCold   . . .      Faith    .   (no shield)
rNeg    . . .      Spirit   .   (body armour currently unavailable)
rPois   +          Reflect  .   (helmet currently unavailable)
rElec   .          Harm     .   (cloak currently unavailable)
rCorr   .          Rampage  .   (gloves currently unavailable)
Will    .....      NoTele   +   (boots currently unavailable)
Stlth   ++........              (no amulet)
HPRegen 0.24/turn               d - +4 ring of evasion
MPRegen 0.13/turn               j - +6 ring of strength

@: mighty, tree-form, weakened
A: stationary, stasis, torment immunity, boosted hp, (nimble swimmer 2),
(mertail)
a: Renounce Religion, Recall Undead Harvest


You were in a bailey.
You worshipped Yredelemnul.
Yredelemnul was noncommittal.
You were a tree.
You visited 2 branches of the dungeon, and saw 8 of its levels.
You also visited: Bailey.

You collected 471 gold pieces.

Inventory:

Hand Weapons
 b - a +2 broad axe of draining
 f - a +0 dagger
 l - a +2 dagger of draining
 m - a +0 spear
 n - a +1 trident
 v - a +1 spear of distortion (weapon)
 G - a +0 bardiche
Missiles
 s - a throwing net
Armour
 a - a +0 robe
 k - a +1 cloak (melded)
 r - a +2 helmet (melded)
 w - the +1 robe of the Ecumenical Temple {Harm rCorr}
   (You found it on level 5 of the Dungeon)

   rCorr:     It protects you from acid and corrosion.
   Harm:      It increases damage dealt and taken.
 y - a +2 robe of cold resistance
 D - the +7 chain mail "Ninet" {rC+ Regen+ Int-4}
   (You found it on level 6 of the Dungeon)

   Int:       It affects your intelligence (-4).
   rC:        It protects you from cold.
   Regen:     It increases your rate of health regeneration.
 H - +2 steam dragon scales (melded)
Magical Staves
 p - a staff of earth
Jewellery
 d - a +4 ring of evasion (left branch)
 j - a +6 ring of strength (right branch)
 q - an amulet of guardian spirit
 u - a ring of poison resistance
Scrolls
 c - a scroll of summoning {unknown}
 e - 2 scrolls of fear
 h - a scroll of silence
 i - 2 scrolls of immolation
 o - 3 scrolls of teleportation
 F - a scroll of noise
Potions
 g - a potion of attraction {unknown}
 t - 3 potions of brilliance
 x - a potion of flight
 z - a potion of berserk rage
 A - a potion of might
 E - a potion of mutation {unknown}


   Skills:
 + Level 0.9 Fighting
 + Level 5.3 Polearms
 + Level 4.5 Dodging
 + Level 2.8 Stealth
 + Level 2.9 Spellcasting
 + Level 0.1 Hexes
 * Level 11.2 Summonings
 * Level 2.2 Invocations


You had 4 spell levels left.
You knew the following spells:

 Your Spells              Type           Power      Damage    Failure   Level
a - Summon Small Mammal   Summ           100%       N/A       1%          1
b - Call Imp              Summ           43%        N/A       1%          2
c - Call Canine Familiar  Summ           43%        N/A       1%          3
d - Summon Guardian Gole  Hex/Summ       23%        N/A       4%          3

Your spell library contained the following spells:

 Spells                   Type           Power      Damage    Failure   Level
 Slow                     Hex            12%        N/A       16%         1
 Summon Lightning Spire   Summ/Air       22%        N/A       16%         4
 Confusing Touch          Hex            3%         N/A       43%         3
 Vampiric Draining        Necr           2%         2d6       45%         3
 Blade Hands              Tmut           1%         N/A       99%         5
 Irradiate                Conj/Tmut      1%         3d12      99%         5
 Conjure Ball Lightning   Conj/Air       1%         3x3d6     100%        6
 Dragon Form              Tmut           1%         N/A       100%        7
 Malign Gateway           Summ/Tloc      11%        N/A       100%        7
 Discord                  Hex            1%         N/A       100%        8
 Disjunction              Tloc           1%         N/A       100%        8
 Summon Horrible Things   Summ           21%        N/A       100%        8


Dungeon Overview and Level Annotations

Branches:
Dungeon (7/15)             Temple (1/1) D:5          Bailey (1/1)

Altars:
Cheibriados
Dithmenos
Elyvilon
Fedhas
Gozag
Hepliaklqana
Nemelex Xobeh
Okawaru
Ru
Uskayaw
Vehumet
Wu Jian
Yredelemnul
Zin
The Shining One


Innate Abilities, Weirdness & Mutations

You are a tree.
Your roots penetrate the ground, keeping you stationary.
You cannot be teleported.
You are immune to unholy pain and torment.
Your maximum health is greatly increased.
Your equipment is partially melded.
((You are very nimble when in or above water. (Stealth+, EV+, Speed+++)))
((Your lower body shifts to a powerful aquatic tail in water.))


Message History

* * * LOW HITPOINT WARNING * * *
Okay, then.
Really quaff the potion of lignification?
You turn into a tree.
Your +1 cloak melds into your body.
Your +2 helmet melds into your body.
Your +2 steam dragon scales melds into your body.
Your roots penetrate the ground.
Your hound zombie bites the gnoll bouda but does no damage.
The gnoll sergeant hits you from afar with a +0 glaive!
* * * LOW HITPOINT WARNING * * *
The gnoll bouda gazes fiercely through you!
You feel your attacks grow feeble.
The gnoll bouda hits you but does no damage.
The gnoll sergeant hits you but does no damage.
Your hound zombie barely misses the gnoll bouda.
Reach: v) +1 spear (distort)
Press: ? - help, Dir - move target, f/p - gnoll bouda
Aim: a gnoll bouda, wielding a +0 spear and wearing a +0 scale mail (lightly wounded, ally target, about 29% to evade your +1 spear of distortion)
You reach to attack!
You barely miss the gnoll bouda.
The gnoll bouda is lightly wounded.
The gnoll sergeant hits you but does no damage.
The gnoll bouda hits you but does no damage.
The gnoll sergeant hits you from afar with a +0 halberd.
* * * LOW HITPOINT WARNING * * *
Your hound zombie barely misses the gnoll bouda.
Unknown command.
Casting: Summon Small Mammal (safe; 1% risk of failure)
Confirm with . or Enter, or press ? or * to list all spells.
A guardian golem appears, shielding your allies.
The gnoll sergeant hits you but does no damage.
Your hound zombie closely misses the gnoll bouda.
The gnoll bouda hits you from afar with a +0 spear.
* * * LOW HITPOINT WARNING * * *
Your crimson imp closely misses the gnoll sergeant.
The gnoll sergeant hits you but does no damage.
It was a potion of might.
You feel very mighty all of a sudden.
The gnoll sergeant hits you from afar with a +0 glaive.
You die...
Your body rises from the dead as a mindless zombie. ##.....## #.......# #..$8$..# ....... ..5.. ggg

##Z## #Z♣Z#
#.Z.# #..9#
######'''######.
................
...............≈
≈≈≈≈≈≈...≈≈≈≈≈≈≈
.......).......♣
♣♣...........♣♣


You could see 2 gnoll sergeants, a gnoll bouda (ally target), a friendly
guardian golem (summoned), a friendly crimson imp (summoned, sheltered), a
friendly hound zombie (sheltered) and 3 friendly gnoll zombies.

Vanquished Creatures
  Maggie (D:7)
  Eustachio (D:6)
  A water moccasin (D:3)
  An ogre (D:5)
  A phantom (D:6)
  A necrophage (D:6)
  3 scorpions
  3 orc priests (D:7)
  2 hounds
  A gnoll bouda (D:5)
  An iguana (D:6)
  4 orc wizards
  7 gnolls
  2 adders
  A white imp (D:6)
  2 worms
  2 dart slugs (D:2)
  9 orcs
  3 bats
  5 endoplasms
  A giant cockroach (D:3)
  2 goblins (D:2)
  7 hobgoblins
  5 jackals (D:4)
  A quokka (D:5)
  5 ball pythons
  3 frilled lizards
  5 kobolds
  3 rats
83 creatures vanquished.

Vanquished Creatures (collateral kills)
  Grinder (D:4)
  Menkaure (D:3)
  A black bear (D:5)
  A necrophage (D:5)
  A scorpion (D:5)
  3 hounds
  An iguana (D:6)
  6 gnolls
  An adder (D:2)
  A white imp (D:3)
  A dart slug (D:2)
  6 orcs (D:7)
  4 ball pythons
  4 bats
  4 endoplasms
  A giant cockroach (D:3)
  4 goblins
  A hobgoblin (D:1)
  4 jackals (D:4)
  3 kobolds
  A quokka (D:2)
  A frilled lizard (D:3)
  An orc zombie (D:6)
  2 rats
54 creatures vanquished.

Vanquished Creatures (others)
  A scorpion zombie (D:5)
  A gnoll zombie (D:5)
  7 orc zombies
9 creatures vanquished.

Grand Total: 146 creatures vanquished

Notes
Turn   | Place    | Note
-------+----------+-------------------------------------------
     0 | D:1      | Icepheonix32 the Merfolk Summoner began the quest for the
                  | Orb.
     0 | D:1      | Reached XP level 1. HP: 13/13 MP: 3/3
   238 | D:1      | Found a faded altar of an unknown god.
   429 | D:1      | Reached XP level 2. HP: 19/19 MP: 0/5
   433 | D:1      | Learned a level 2 spell: Call Imp
  1300 | D:2      | Reached XP level 3. HP: 23/23 MP: 4/6
  1342 | D:2      | Reached skill level 5 in Summonings
  1717 | D:2      | Learned a level 3 spell: Call Canine Familiar
  1774 | D:2      | Reached XP level 4. HP: 10/30 MP: 3/7
  2502 | D:3      | Reached skill level 6 in Summonings
  2631 | D:3      | Noticed a water moccasin
  2646 | D:3      | Killed a water moccasin
  2647 | D:3      | Reached skill level 7 in Summonings
  2647 | D:3      | Reached XP level 5. HP: 28/35 MP: 1/8
  2788 | D:3      | Reached XP level 6. HP: 41/41 MP: 7/9
  3270 | D:3      | Learned a level 3 spell: Summon Guardian Golem
  3303 | D:4      | Noticed Menkaure
  3318 | D:3      | Killed Menkaure
  3735 | D:4      | Found a shadowy altar of Dithmenos.
  3785 | D:4      | Noticed Grinder
  3797 | D:4      | Paralysed by Grinder for 3 turns
  3804 | D:4      | Killed Grinder
  3805 | D:4      | Reached skill level 8 in Summonings
  3805 | D:4      | Reached XP level 7. HP: 30/46 MP: 5/10
  4228 | D:4      | Found an ornate altar of the Wu Jian Council.
  4320 | D:4      | Reached skill level 9 in Summonings
  4912 | D:5      | Entered Level 5 of the Dungeon
  4931 | D:5      | Reached skill level 1 in Polearms
  4949 | D:5      | Found a staircase to the Ecumenical Temple.
  4960 | Temple   | Entered the Ecumenical Temple
  5133 | Temple   | Became a worshipper of Yredelemnul the Dark
  5182 | D:5      | Identified the +1 robe of the Ecumenical Temple {Harm
                  | rCorr}
  5256 | D:5      | Reached XP level 8. HP: 52/52 MP: 7/11
  5263 | D:5      | Reached skill level 10 in Summonings
  5354 | D:5      | Reached * piety under Yredelemnul
  6191 | D:6      | Reached skill level 1 in Invocations
  6240 | D:6      | Reached ** piety under Yredelemnul
  6274 | D:6      | Identified the +7 chain mail "Ninet" {rC+ Regen+ Int-4}
  6370 | D:6      | Noticed Eustachio
  6379 | D:6      | Killed Eustachio
  6403 | D:6      | Found a glowing silver altar of Zin.
  6546 | D:6      | Reached XP level 9. HP: 58/58 MP: 12/12
  6717 | D:7      | Noticed Maggie
  6736 | D:7      | Killed Maggie
  6737 | D:7      | Reached skill level 5 in Polearms
  6737 | D:7      | Reached skill level 11 in Summonings
  6755 | D:7      | Identified a scroll of acquirement
  6756 | D:7      | Acquired a Grand Grimoire
  7141 | D:7      | Found a flagged portal.
  7150 | Bailey   | Entered a bailey
  7198 | Bailey   | HP: 3/87 [gnoll sergeant/+0 halberd (3)]
  7199 | Bailey   | HP: 1/87 [gnoll bouda/+0 spear (2)]
  7200 | Bailey   | Slain by a gnoll sergeant

Illustrated notes

Levels and vault maps discovered:
D:1:      nzn_arrival_water_spiral, layout_loops_corners, basic_ecumenical_altar
D:2:      layout_loops_ring, kennysheep_generic_room_2
D:3:      layout_rooms, grunt_ministairs_6
D:4:      layout_basic, general_overflow_altar,
          nicolae_dithmenos_through_a_glass_darkly, uniq_menkaure, uniq_grinder
D:5:      layout_loops_ring, minmay_temple_entry_grid, columned_hall_lemuel,
          minmay_increasing_density
D:6:      layout_basic, mainiacjoe_overflow_24_doors, due_unseen_surprise,
          uniq_eustachio
D:7:      layout_basic, led_sif_book, enter_bailey_2, grunt_ministairs_9,
          small_statue_intersection, uniq_maggie
Temple:   nicolae_temple_slightly_damp_pantheon
Bailey:   bailey_polearm_gnolls_kennysheep, bailey

Skill      XL: |  1  2  3  4  5  6  7  8  9 |
---------------+----------------------------+-----
Summonings     | 5 7 8 9 10 11 | 11.2
Polearms       | 1 4 5 |  5.3
Dodging        | 3 4 |  4.5
Invocations    | 1 2 |  2.2
Fighting       | |  0.9
Stealth        | |  2.8
Spellcasting   | |  2.9
Hexes          | |  0.1

Action                   |  1- 3 |  4- 6 |  7- 9 || total
-------------------------+-------+-------+-------++-------
Melee: Dagger            |    54 |       |       ||    54
       Unarmed           |     1 |       |       ||     1
       Trident           |     2 |   108 |    34 ||   144
       Punch             |       |     2 |     2 ||     4
       Spear             |       |       |   192 ||   192
 Cast: Summon Small Mamm |    20 |     1 |     5 ||    26
       Call Imp          |     9 |     5 |     5 ||    19
       Call Canine Famil |     1 |     7 |    17 ||    25
       Summon Guardian G |       |     2 |     4 ||     6
Invok: Dark Bargain      |       |       |     1 ||     1
  Use: Scroll            |       |     6 |     6 ||    12
       Potion            |       |     2 |     5 ||     7
 Stab: Sleeping          |     2 |     4 |     3 ||     9
Armor: Robe              |     9 |    17 |    30 ||    56
       Steam dragon scal |       |       |     7 ||     7
       Skin              |       |       |     6 ||     6
Dodge: Dodged            |    82 |    70 |   158 ||   310
